 Dungeon Crawl Stone Soup version 0.29-a0-330-g52719c12eb (webtiles) character file.

Game seed: 16544936255362124828

4116 kae the Arsonist (level 9, 0/68 HPs)
             Began as a Demigod Fire Elementalist on May 21, 2022.
             Slain by a two-headed ogre
             ... wielding a +0 giant club
              (30 damage)
             ... on level 7 of the Dungeon.
             The game lasted 00:08:32 (11781 turns).

kae the Arsonist (Demigod Fire Elementalist)       Turns: 11781, Time: 00:08:33

Health: 0/68       AC:  5    Str:  9    XL:     9   Next: 78%
Magic:  8/20       EV: 13    Int: 35    God:
Gold:   315        SH:  5    Dex: 20    Spells: 4/18 levels left

rFire   . . .      SeeInvis .   i - +1 war axe
rCold   . . .      Faith    .   (no shield)
rNeg    . . .      Spirit   .   n - +2 leather armour {rPois}
rPois   +          Reflect  +   (no helmet)
rElec   .          Harm     .   (no cloak)
rCorr   .          Rampage  .   (no gloves)
Will    .....                   (no boots)
Stlth   ++........              e - amulet of reflection
HPRegen 0.21/turn               f - +6 ring of dexterity
MPRegen 0.17/turn               k - +6 ring of intelligence

@: lethally poisoned (0 -> -2)
A: high MP 1, forlorn, divine attributes
a: no special abilities


You were on level 7 of the Dungeon.
You visited 1 branch of the dungeon, and saw 8 of its levels.
You also visited: Sewer.

You collected 526 gold pieces.
You spent 211 gold pieces at shops.

Inventory:

Hand Weapons
 i - a +1 war axe (weapon)
Armour
 a - a +0 robe
 n - a +2 leather armour of poison resistance (worn)
Jewellery
 e - an amulet of reflection (around neck)
 f - a +6 ring of dexterity (left hand)
 k - a +6 ring of intelligence (right hand)
 r - a ring of flight
Wands
 o - a wand of flame (11)
 s - a wand of polymorph (11)
 y - a wand of iceblast (10)
 A - a wand of digging (5)
Scrolls
 l - 2 scrolls of fog
 m - 2 scrolls of teleportation
 u - a scroll of silence
 v - 5 scrolls of identify
 B - a scroll of vulnerability {unknown}
 C - a scroll of brand weapon {unknown}
 D - a scroll of holy word
Potions
 b - a potion of magic
 c - 2 potions of mutation
 d - 3 potions of heal wounds
 g - 4 potions of flight
 h - 2 potions of cancellation
 j - 6 potions of curing
 p - a potion of lignification
 q - 5 potions of might
 t - a potion of berserk rage
 w - a potion of invisibility
 x - a potion of attraction
 z - 2 potions of resistance


   Skills:
 + Level 2.7 Fighting
 + Level 3.4 Dodging
 - Level 1.7 Stealth
 + Level 5.3 Spellcasting
 * Level 8.0 Conjurations
 * Level 8.5 Fire Magic


You had 4 spell levels left.
You knew the following spells:

 Your Spells              Type           Power      Damage    Failure   Level
a - Foxfire               Conj/Fire      100%       2x1d9     1%          1
b - Scorch                Fire           100%       2d10      1%          2
c - Conjure Flame         Conj/Fire      61%        6-21      1%          3
d - Inner Flame           Hex/Fire       39%        N/A       3%          3
e - Flame Wave            Conj/Fire      61%        2d12      1%          4
f - Apportation           Tloc           18%        N/A       5%          1

Your spell library contained the following spells:

 Spells                   Type           Power      Damage    Failure   Level
 Static Discharge         Conj/Air       37%        N/A       1%          2
 Animate Skeleton         Necr           18%        N/A       5%          1
 Summon Small Mammal      Summ           36%        N/A       5%          1
 Blink                    Tloc           18%        N/A       9%          2
 Lesser Beckoning         Tloc           9%         N/A       17%         3
 Ozocubu's Armour         Ice            9%         N/A       17%         3
 Lightning Bolt           Conj/Air       18%        1d33      30%         5
 Manifold Assault         Tloc           9%         N/A       83%         5
 Ozocubu's Refrigeration  Ice            4%         4d5       100%        7
 Maxwell's Capacitive Co  Air            4%         ∞         100%        8


Dungeon Overview and Level Annotations

Branches:
Dungeon (8/15)             Temple (0/1) D:7           Sewer (visited)
   Lair: D:8-11

Shops:
D:3 *   D:4 :*!:   D:7 =

Annotations:
D:6 2 runed translucent doors
D:7 1 runed translucent door, p0werm0de's ghost, novice PaFi


Innate Abilities, Weirdness & Mutations

You have an increased reservoir of magic. (+10% MP)
You shall have no god before yourself.
Your divine heritage dramatically boosts your attributes as you level up.


Message History

There is a stone staircase leading up, spattered with blood here.
You barely miss the kobold.
You feel very sick.
A wyvern comes into view.
The kobold completely misses you.
The howler monkey hoots and howls with incredible vigour!
You block the kobold's attack.
The kobold brigand hits you with a +0 short sword.
You hear a shout!
You hear a croak.
You feel sick. The howler monkey hits you.
You block the two-headed ogre's attack. The two-headed ogre misses you.
The kobold barely misses you.
The kobold brigand hits you with a +0 short sword.
You climb upwards.
Level annotation: 1 runed translucent door, p0werm0de's ghost, novice PaFi You feel sick.
There is a stone staircase leading down here.
Casting: Flame Wave (dangerous; 1% risk of failure)
Confirm with . or Enter, or press ? or * to list all spells.
Casting: Flame Wave (dangerous; 1% risk of failure)
Press: ? - help, Dir - look around, f - activate A wave of flame ripples out!
The flame wave engulfs the kobold!!
You kill the kobold!
The flame wave engulfs the howler monkey!
The howler monkey is severely wounded.
The flame wave engulfs the kobold brigand!!
You kill the kobold brigand!
The flame wave engulfs the two-headed ogre!
The two-headed ogre is moderately wounded. (Press . to intensify the flame waves.)
You feel sick.
The howler monkey hits you but does no damage.
A wave of flame ripples out!
The flame wave engulfs the howler monkey!
You kill the howler monkey!
The flame wave engulfs the two-headed ogre!
The two-headed ogre is heavily wounded.
You feel sick.
The two-headed ogre hits you with a +0 giant club!!
You die...

...#).##....##..#.......#
..##..##........#.#####.#
.##....)=.......#...#...#
.####.......#######.#.#####
..#.........# #.....#.....#
..##...#.##.###.#########.#
...#.......<...#.......#..#
#..#.......#.....O....##.##
..........##...)@..#.##..#
...........#....)..###...#
......###....##....#.#...##
......#.....##.....#......#
..........#......#.......##
..........##.....#......##
....8.8.8.###...........#
.....⌠.⌠...##..........##
....8.>.8..##...........#


You could see a two-headed ogre.

Vanquished Creatures
  A troll (D:5)
  Grinder (D:3)
  A shadow (D:6)
  6 yaks (D:7)
  2 ice beasts
  3 ogres
  A centaur (D:8)
  3 phantoms
  2 bullfrogs
  A gnoll sergeant (D:7)
  2 kobold brigands (D:7)
  2 scorpions
  3 necrophages
  4 wights (D:7)
  A howler monkey (D:7)
  6 hounds
  3 jellies
  2 orc priests
  Jessica (D:3)
  Ijyb (D:3)
  3 iguanas
  Natasha (twice) (D:3)
  A merfolk siren (Sewer)
  2 orc wizards (D:6)
  A merfolk avatar (Sewer)
  15 adders
  8 gnolls
  11 river rats
  A shadow imp (D:7)
  An ufetubus (D:5)
  A worm (D:3)
  4 dart slugs
  15 orcs
  9 ball pythons
  2 bats (D:2)
  7 endoplasms
  6 giant cockroaches
  5 goblins
  8 hobgoblins
  2 jackals (D:2)
  15 kobolds
  18 quokkas
  12 frilled lizards
  42 rats
237 creatures vanquished.

Vanquished Creatures (collateral kills)
  A kobold (D:3)
  2 foxfires (D:4)
3 creatures vanquished.

Vanquished Creatures (others)
  656 foxfires
  A fungus (D:4)
657 creatures vanquished.

Grand Total: 897 creatures vanquished

Notes
Turn   | Place    | Note
-------+----------+-------------------------------------------
     0 | D:1      | kae the Demigod Fire Elementalist began the quest for the
                  | Orb.
     0 | D:1      | Reached XP level 1. HP: 14/14 MP: 5/5
    23 | D:1      | Reached skill level 1 in Conjurations
   528 | D:1      | Reached XP level 2. HP: 17/20 MP: 1/7
   531 | D:1      | Learned a level 2 spell: Scorch
  1915 | D:2      | Reached XP level 3. HP: 22/26 MP: 6/8
  2275 | D:2      | Learned a level 3 spell: Conjure Flame
  2337 | D:3      | Noticed Jessica
  2338 | D:3      | Noticed Ijyb
  2922 | D:3      | Found Tusizec's General Store.
  2925 | D:3      | Bought a scroll of teleportation for 42 gold pieces
  3131 | D:3      | Killed Jessica
  3132 | D:3      | Reached XP level 4. HP: 24/33 MP: 7/10
  3272 | D:3      | HP: 1/33 [Ijyb/+3 dagger of speed (2)]
  3273 | D:3      | Killed Ijyb
  3654 | D:3      | Noticed Natasha
  3681 | D:3      | Killed Natasha
  4029 | D:3      | Noticed Grinder
  4057 | D:3      | Noticed Natasha
  4062 | D:3      | Killed Natasha
  4063 | D:3      | Reached XP level 5. HP: 38/38 MP: 8/11
  4204 | D:3      | Paralysed by Grinder for 6 turns
  4216 | D:3      | Killed Grinder
  4217 | D:3      | Reached XP level 6. HP: 45/45 MP: 7/13
  4294 | D:3      | Learned a level 3 spell: Inner Flame
  4377 | D:4      | Found Ydafabal's Book Shoppe.
  4822 | D:4      | Found Taeniud's Distillery.
  4830 | D:4      | Bought a potion of lignification for 39 gold pieces
  4830 | D:4      | Bought a potion of might for 52 gold pieces
  4843 | D:4      | Found Xewiegru's Book Shoppe.
  4897 | D:4      | Reached skill level 5 in Fire Magic
  5644 | D:4      | Reached XP level 7. HP: 50/50 MP: 12/15
  5838 | D:4      | Found Ceam's Assorted Antiques.
  5843 | D:4      | Bought a scroll labelled TIONGY QERIM for 21 gold pieces
  5843 | D:4      | Bought a scroll labelled TYXAFE MOCZE for 21 gold pieces
  5843 | D:4      | Bought a bubbling amethyst potion for 18 gold pieces
  5843 | D:4      | Bought a fizzy cyan potion for 18 gold pieces
  6075 | D:4      | Learned a level 1 spell: Apportation
  6111 | D:5      | Entered Level 5 of the Dungeon
  6111 | D:5      | Noticed a troll
  6123 | D:5      | Killed a troll
  6124 | D:5      | Reached skill level 5 in Conjurations
  6394 | D:5      | Found a glowing drain.
  6423 | Sewer    | Entered a sewer
  7292 | D:5      | Reached XP level 8. HP: 39/57 MP: 13/17
  8914 | D:6      | Learned a level 4 spell: Flame Wave
  9615 | D:6      | Reached skill level 1 in Fighting
  9753 | D:6      | Reached XP level 9. HP: 41/64 MP: 6/19
  9920 | D:6      | Found a large runed translucent door.
  9920 | D:6      | Found a large runed translucent door.
 10733 | D:7      | Reached skill level 5 in Spellcasting
 11182 | D:7      | Noticed p0werm0de's ghost (novice PaFi)
 11366 | D:7      | Found a runed translucent door.
 11382 | D:7      | Found a staircase to the Ecumenical Temple.
 11643 | D:7      | Found Xeru's Jewellery Boutique.
 11773 | D:8      | Noticed a two-headed ogre
 11781 | D:7      | Slain by a two-headed ogre

Illustrated notes

Levels and vault maps discovered:
D:1:      lemuel_arrival_broad_hall, layout_basic, minmay_box_of_dots
D:2:      layout_loops_ring
D:3:      layout_rooms, serial_shops, nicolae_shop_window_shopping,
          uniq_grinder, uniq_jessica, uniq_natasha, uniq_ijyb
D:4:      layout_gridville, serial_shops, kennysheep_little_box, shop,
          nicolae_shop_advertising_works [nicolae_subvault_shop_adworks], shop,
          dreamdust_gnoll_farm
D:5:      lemuel_ratsnest, layout_loops_corners,
          mainiacjoe_overflow_tiny_flanked, amethyst_overflow_temple_binary,
          gup_sewer_entry_glass
D:6:      due_chaos_kobolds, layout_cave_pods,
          eino_small_chamber_without_monster
D:7:      layout_cave_pools, nzn_hepliaklqana_mist_gate,
          minmay_temple_entry_statues_fountains, hellmonk_ghost_happy_afterlife,
          minmay_misc_feat_ornament, kennysheep_small_square
D:8:      layout_rooms, lair_entry_dummy

Skill      XL: |  1  2  3  4  5  6  7  8  9 |
---------------+----------------------------+-----
Conjurations   | 1 2 3 4 5 7 8 |  8.0
Fire Magic     | 3 4 5 6 7 8 |  8.5
Spellcasting   | 2 3 4 5 |  5.3
Dodging        | 2 3 |  3.4
Fighting       | 1 2 |  2.7
Stealth        | |  1.7

Action                   |  1- 3 |  4- 6 |  7- 9 || total
-------------------------+-------+-------+-------++-------
Melee: Unarmed           |     1 |       |       ||     1
       War axe           |    13 |    11 |    71 ||    95
       Punch             |     1 |     1 |     2 ||     4
 Cast: Foxfire           |    66 |    77 |   236 ||   379
       Scorch            |    10 |     8 |    51 ||    69
       Apportation       |       |       |     3 ||     3
       Conjure Flame     |       |       |     2 ||     2
       Flame Wave        |       |       |     8 ||     8
  Use: Scroll            |     9 |     3 |     6 ||    18
       Potion            |       |       |     2 ||     2
 Stab: Distracted        |       |       |     1 ||     1
Armor: Robe              |     6 |     2 |       ||     8
       Leather armour    |       |     2 |    58 ||    60
Dodge: Dodged            |    45 |    29 |   145 ||   219
Block: Other             |     2 |    14 |    62 ||    78
       Reflection        |       |       |     1 ||     1

Table legend: (Time is in decaauts)
 A = Elapsed time spent in this place.
 B = Non-inter-level travel time spent in this place.
 C = Inter-level travel time spent in this place.
 D = Time resting spent in this place.
 E = Time spent auto-exploring this place.
 F = Levels seen in this place.
 G = Mean time per level.
                   A        B        C        D        E       F      G
               +--------+--------+--------+--------+--------+-----+--------+
         Total |  11846 |  11607 |    239 |     25 |   9786 |   9 | 1316.2 |
       Dungeon |  11074 |  10835 |    239 |     25 |   9217 |   8 | 1384.2 |
         Sewer |    772 |    772 |      0 |      0 |    569 |   1 |  772.0 |
               +--------+--------+--------+--------+--------+-----+--------+

Top non-repeatable levels by time:
     D:5: 2082 daAuts
     D:3: 2007 daAuts
     D:4: 1769 daAuts
     D:7: 1534 daAuts
     D:1: 1434 daAuts
     D:6: 1334 daAuts
     D:2: 893 daAuts
   Sewer: 772 daAuts
     D:8: 17 daAuts
